New York Rangers vs Detroit Red Wings
Created - Wednesday, March 22, 2023 at 07:37
Goals
|
| New York Rangers |
1 |
4 |
0 |
5 |
| Detroit Red Wings |
0 |
1 |
1 |
2 |
|
Shots
|
| New York Rangers |
9 |
13 |
8 |
30 |
| Detroit Red Wings |
10 |
23 |
11 |
44 |
|
1st period
1. New York Rangers , Nathan MacKinnon 8 (Patrice Bergeron 10) at 7:32
Penalties :
MacKenzie Weegar (DET) for Boarding (Minor) at 3:21
2nd period
2. New York Rangers , T.J. Oshie 2 (Conor Garland 5, Cole Caufield 3) at 2:24
3. Detroit Red Wings , Jason Zucker 1 (Jason Spezza 3) at 4:52
4. New York Rangers , Patrice Bergeron 5 (Adam Larsson 2, Nathan MacKinnon 10) at 8:32
5. New York Rangers , Nathan MacKinnon 9 (Pierre-Luc Dubois 3, Patrice Bergeron 11) at 15:14
6. New York Rangers , Nathan MacKinnon 10 (Mark Giordano 2) at 15:26
Penalties :
Pierre-Luc Dubois (NYR) for Holding (Minor) at 9:12, Jamie Drysdale (DET) for Fighting (Major) at 18:50, Adam Larsson (NYR) for Fighting (Major) at 18:50, Jamie Drysdale (DET) for instigated a fight (Minor) at 18:50, Jamie Drysdale (DET) for instigated a fight (10 Minutes Misconduct) at 18:50, Pierre-Luc Dubois (NYR) for Hooking (Minor) at 18:58
3rd period
7. Detroit Red Wings , Brock Nelson 4 (Keith Yandle 2, Jonathan Huberdeau 5) at 15:34 (PP)
Penalties :
Patrice Bergeron (NYR) for Roughing (Minor) at 7:52, Pierre-Luc Dubois (NYR) for Hooking (Minor) at 14:59, Nathan MacKinnon (NYR) for Roughing (Double Minor) at 19:23
Goalie Stats
Igor Shesterkin (NYR), 42 saves from 44 shots - (0.955), W, 4-2-2, 60:00 minutes
Sergei Bobrovsky (DET), 16 saves from 21 shots - (0.762), L, 3-3-0, 35:26 minutes
Semyon Varlamov (DET), 9 saves from 9 shots - (1.000), 24:34 minutes
Players Stats for New York Rangers
Player Name G A P +/- PIM S H SB GA TA FO MP PP MP PK MP
------------------------------------------------------------------------------------
Adam Larsson 0 1 1 3 5 3 0 1 0 1 0/0 17:13 0:00 1:36
Andre Burakovsky 0 0 0 0 0 0 0 0 0 0 0/0 14:19 0:32 0:00
Blake Wheeler 0 0 0 0 0 1 0 3 1 0 0/1 15:43 1:32 0:03
Cam Fowler 0 0 0 0 0 2 1 3 0 1 0/0 28:49 1:32 3:36
Cole Caufield 0 1 1 1 0 5 0 0 1 0 0/1 12:14 0:32 0:00
Conor Garland 0 1 1 1 0 1 0 0 0 1 0/0 11:40 0:00 0:00
David Kampf 0 0 0 -1 0 0 2 1 0 0 6/11 11:45 0:00 3:32
Dmitry Kulikov 0 0 0 1 0 0 0 1 0 1 0/0 13:25 0:00 0:03
Eric Robinson 0 0 0 -1 0 1 1 0 0 0 0/1 9:08 0:00 1:10
Jake McCabe 0 0 0 0 0 1 4 3 1 0 0/0 25:26 0:00 3:33
Mark Giordano 0 1 1 3 0 1 0 0 0 2 0/0 18:01 0:35 0:05
Matt Benning 0 0 0 1 0 0 1 2 0 0 0/0 14:43 0:00 1:41
Mikael Granlund 0 0 0 0 0 1 2 0 1 0 3/8 16:23 0:32 1:27
Nathan MacKinnon 3 1 4 4 4 6 1 0 0 1 1/3 19:53 1:35 0:00
Patrice Bergeron 1 2 3 4 2 4 1 1 0 0 20/35 20:42 1:35 0:28
Pierre-Luc Dubois 0 1 1 4 6 1 1 1 0 0 0/1 19:07 1:34 0:22
T.J. Oshie 1 0 1 1 0 3 0 0 0 0 4/6 12:30 0:35 0:00
Tyler Motte 0 0 0 -1 0 0 2 0 0 0 0/0 11:45 0:00 3:32
Players Stats for Detroit Red Wings
Player Name G A P +/- PIM S H SB GA TA FO MP PP MP PK MP
------------------------------------------------------------------------------------
Adam Erne 0 0 0 1 0 0 1 1 0 0 0/0 8:32 0:00 0:00
Arthur Kaliyev 0 0 0 -2 0 1 0 0 0 0 0/0 10:44 0:00 0:00
Auston Matthews 0 0 0 -1 0 5 1 1 1 0 14/29 21:01 2:36 0:00
Brock Nelson 1 0 1 -2 0 3 0 0 1 0 2/2 17:48 2:36 1:03
Daniel Sprong 0 0 0 -1 0 4 0 1 0 1 0/1 17:17 0:08 0:00
Jamie Drysdale 0 0 0 -2 17 0 0 0 0 0 0/0 12:10 1:30 0:00
Jared McCann 0 0 0 -2 0 2 2 0 0 0 1/1 16:48 2:33 0:00
Jason Spezza 0 1 1 1 0 1 2 1 0 0 2/6 8:41 0:00 0:04
Jason Zucker 1 0 1 1 0 3 1 0 0 0 0/0 8:32 0:00 0:00
Jonathan Huberdeau 0 1 1 -1 0 6 1 1 1 0 1/2 22:09 2:36 1:03
Keith Yandle 0 1 1 -1 0 1 1 1 0 0 0/0 15:21 1:30 0:38
Kris Letang 0 0 0 -2 0 0 1 3 0 0 0/0 23:46 2:44 1:02
MacKenzie Weegar 0 0 0 -1 2 1 3 1 0 1 0/0 24:06 2:09 0:00
Michael Del Zotto 0 0 0 -1 0 3 2 2 0 1 0/0 17:40 0:08 1:29
Mika Zibanejad 0 0 0 -2 0 7 0 1 1 0 7/16 18:32 2:41 1:01
Sean Couturier 0 0 0 -2 0 2 1 0 1 0 6/10 15:09 2:41 1:03
Shayne Gostisbehere 0 0 0 -1 0 4 2 1 0 1 0/0 27:00 2:33 1:05
Tyler Ennis 0 0 0 -2 0 1 0 0 2 0 0/0 10:44 0:00 0:00
3 Stars
1 - Nathan MacKinnon (NYR)
2 - Patrice Bergeron (NYR)
3 - Igor Shesterkin (NYR)
Power Play
New York Rangers - 0 on 2 Attempt(s) - 0.00%
Detroit Red Wings - 1 on 6 Attempt(s) - 16.67%
Penalty Kill
New York Rangers - 5 on 6 Attempt(s) - 83.33%
- Score 0 goal in Penalty Kill
Detroit Red Wings - 2 on 2 Attempt(s) - 100.00%
- Score 0 goal in Penalty Kill
Team Stat
New York Rangers - Hits : 16 - Faceoff Wins : 34 - Blocked Shots : 16 - Penalty Minutes : 17
Detroit Red Wings - Hits : 18 - Faceoff Wins : 33 - Blocked Shots : 14 - Penalty Minutes : 19
Official
Referees : Marc Joannette and Dave Jackson
Linesman : Mark Wheler and Don Henderson
Game Notes
Nathan MacKinnon has scored a Hat Trick!
Semyon Varlamov enters game at 15:26 of 2nd period
Adam Larsson beats up Jamie Drysdale at 18:50 of 2nd period
Finance
Level 1 -- Attendance: 4754 (79.23%) -- Ticket Income $475,400
Level 2 -- Attendance: 3523 (70.46%) -- Ticket Income $211,380
Level 3 -- Attendance: 2833 (94.43%) -- Ticket Income $99,155
Level 4 -- Attendance: 3723 (74.46%) -- Ticket Income $93,075
Luxury Box -- Attendance: 734 (73.40%) -- Ticket Income $146,800
Game was played at the Joe Louis Arena.
Total Attendance: 15567 (77.84%)
Total Ticket Income: $1,025,810
Other Income: $359,034
Total Income: $1,384,844
New York Rangers
5 vs 5 Forward
Center Left Wing Right Wing Time % Phy DF OF
1 Patrice Bergeron Pierre-Luc Dubois Nathan MacKinnon 40 0 1 4
2 Mikael Granlund Andre Burakovsky Blake Wheeler 30 1 1 3
3 T.J. Oshie Conor Garland Cole Caufield 20 1 2 2
4 David Kampf Eric Robinson Tyler Motte 10 1 3 1
5 vs 5 Defense
Defense Defense Time % Phy DF OF
1 Cam Fowler Jake McCabe 44 1 2 2
2 Mark Giordano Adam Larsson 33 1 3 1
3 Dmitry Kulikov Matt Benning 23 1 3 1
4 Cam Fowler Adam Larsson 0 1 2 2
PowerPlay Forward
Center Left Wing Right Wing Time % Phy DF OF
1 Patrice Bergeron Nathan MacKinnon Pierre-Luc Dubois 60 0 1 4
2 Mikael Granlund Cole Caufield Andre Burakovsky 40 0 1 4
PowerPlay Defense
Defense Defense Time % Phy DF OF
1 Cam Fowler Blake Wheeler 60 0 2 3
2 Mark Giordano T.J. Oshie 40 0 2 3
Penalty Kill 4 Players Forward
Center Wing Time % Phy DF OF
1 David Kampf Tyler Motte 60 1 3 1
2 Patrice Bergeron Eric Robinson 40 1 3 1
Penalty Kill 4 Players Defense
Defense Defense Time % Phy DF OF
1 Jake McCabe Cam Fowler 60 1 3 1
2 Matt Benning Adam Larsson 40 1 3 1
Penalty Kill - 3 Players Forward
Forward Time % Phy DF OF
1 David Kampf 60 1 4 0
2 Patrice Bergeron 40 1 4 0
Penalty Kill - 3 Players Defense
Defense Defense Time % Phy DF OF
1 Cam Fowler Jake McCabe 60 1 4 0
2 Matt Benning Adam Larsson 40 1 4 0
4 vs 4 Forward
Center Wing Time % Phy DF OF
1 Nathan MacKinnon Patrice Bergeron 60 1 2 2
2 Pierre-Luc Dubois Blake Wheeler 40 1 2 2
4 vs 4 Defense
Defense Defense Time % Phy DF OF
1 Cam Fowler Adam Larsson 60 1 2 2
2 Mark Giordano Jake McCabe 40 1 2 2
Last Minutes Offensive
Center Left Wing Right Wing Defense Defense
Patrice Bergeron Blake Wheeler Nathan MacKinnon Cam Fowler Mark Giordano
Last Minutes Defensive
Center Left Wing Right Wing Defense Defense
Patrice Bergeron David Kampf Mikael Granlund Cam Fowler Jake McCabe
Goaltenders
Starting : Igor Shesterkin
Backup : Tristan Jarry
Extra Forwards
Normal : Mikael Granlund, Andre Burakovsky, Conor Garland - PP : Mikael Granlund, Nathan MacKinnon - PK : Mikael Granlund
Extra Defensemen
Normal : Dmitry Kulikov, Matt Benning, Mark Giordano - PP : Dmitry Kulikov - PK : Matt Benning, Mark Giordano
Penalty Shots
T.J. Oshie, Mikael Granlund, Mark Giordano, Nathan MacKinnon, Cole Caufield
Detroit Red Wings
5 vs 5 Forward
Center Left Wing Right Wing Time % Phy DF OF
1 Auston Matthews Jonathan Huberdeau Daniel Sprong 40 1 2 2
2 Mika Zibanejad Jared McCann Brock Nelson 30 1 2 2
3 Sean Couturier Tyler Ennis Arthur Kaliyev 20 1 2 2
4 Jason Spezza Jason Zucker Adam Erne 10 1 2 2
5 vs 5 Defense
Defense Defense Time % Phy DF OF
1 Shayne Gostisbehere MacKenzie Weegar 40 1 2 2
2 Michael Del Zotto Kris Letang 30 1 2 2
3 Jamie Drysdale Keith Yandle 20 1 2 2
4 Kris Letang Jamie Drysdale 10 1 2 2
PowerPlay Forward
Center Left Wing Right Wing Time % Phy DF OF
1 Auston Matthews Jonathan Huberdeau Brock Nelson 50 1 2 2
2 Mika Zibanejad Jared McCann Sean Couturier 50 1 2 2
PowerPlay Defense
Defense Defense Time % Phy DF OF
1 Kris Letang MacKenzie Weegar 50 1 2 2
2 Shayne Gostisbehere Jamie Drysdale 50 1 2 2
Penalty Kill 4 Players Forward
Center Wing Time % Phy DF OF
1 Sean Couturier Brock Nelson 50 1 2 2
2 Mika Zibanejad Jonathan Huberdeau 50 1 2 2
Penalty Kill 4 Players Defense
Defense Defense Time % Phy DF OF
1 Kris Letang MacKenzie Weegar 50 1 2 2
2 Shayne Gostisbehere Michael Del Zotto 50 1 2 2
Penalty Kill - 3 Players Forward
Forward Time % Phy DF OF
1 Mika Zibanejad 50 1 2 2
2 Sean Couturier 50 1 2 2
Penalty Kill - 3 Players Defense
Defense Defense Time % Phy DF OF
1 Kris Letang MacKenzie Weegar 50 1 2 2
2 Shayne Gostisbehere Jamie Drysdale 50 1 2 2
4 vs 4 Forward
Center Wing Time % Phy DF OF
1 Auston Matthews Jonathan Huberdeau 60 1 2 2
2 Mika Zibanejad Sean Couturier 40 1 2 2
4 vs 4 Defense
Defense Defense Time % Phy DF OF
1 Kris Letang MacKenzie Weegar 60 1 2 2
2 Shayne Gostisbehere Jamie Drysdale 40 1 2 2
Last Minutes Offensive
Center Left Wing Right Wing Defense Defense
Auston Matthews Jonathan Huberdeau Mika Zibanejad Kris Letang MacKenzie Weegar
Last Minutes Defensive
Center Left Wing Right Wing Defense Defense
Auston Matthews Sean Couturier Mika Zibanejad Kris Letang MacKenzie Weegar
Goaltenders
Starting : Sergei Bobrovsky
Backup : Semyon Varlamov
Extra Forwards
Normal : Sean Couturier, Daniel Sprong, Arthur Kaliyev - PP : Jason Spezza, Jason Zucker - PK : Jason Spezza
Extra Defensemen
Normal : Michael Del Zotto, Keith Yandle, Shayne Gostisbehere - PP : Keith Yandle - PK : Michael Del Zotto, Keith Yandle
Penalty Shots
Kris Letang, Jonathan Huberdeau, Auston Matthews, Sean Couturier, Mika Zibanejad
% Time on Ice - New York Rangers
Lines # - Real PCT - Wanted PCT - Time Play
Normal Forward
1 - 34% - 40% - 17:20
2 - 27% - 30% - 13:47
3 - 23% - 20% - 11:40
4 - 16% - 10% - 7:58
Normal Defense
1 - 42% - 44% - 21:27
2 - 34% - 33% - 17:21
3 - 22% - 23% - 11:08
4 - 2% - 0% - 0:49
PP Forward
1 - 75% - 60% - 1:35
2 - 25% - 40% - 0:32
PP Defense
1 - 72% - 60% - 1:32
2 - 28% - 40% - 0:35
PK Forward
1 - 84% - 60% - 4:26
2 - 16% - 40% - 0:51
PK Defense
1 - 68% - 60% - 3:36
2 - 32% - 40% - 1:41
PK3 Forward
1 - 0% - 60%
2 - 0% - 40%
PK3 Defense
1 - 0% - 60%
2 - 0% - 40%
44 Forward
1 - 79% - 60% - 1:28
2 - 21% - 40% - 0:23
44 Defense
1 - 77% - 60% - 1:25
2 - 23% - 40% - 0:26
Last Minute Offensive - 0:00
Last Minute Defensive - 0:00
Total
Forward - 60:00
Defense - 60:00
|
% Time on Ice - Detroit Red Wings
Lines # - Real PCT - Wanted PCT - Time Play
Normal Forward
1 - 34% - 40% - 17:01
2 - 29% - 30% - 14:28
3 - 21% - 20% - 10:44
4 - 17% - 10% - 8:32
Normal Defense
1 - 41% - 40% - 21:00
2 - 30% - 30% - 15:03
3 - 19% - 20% - 9:41
4 - 10% - 10% - 5:01
PP Forward
1 - 49% - 50% - 2:36
2 - 51% - 50% - 2:41
PP Defense
1 - 52% - 50% - 2:44
2 - 48% - 50% - 2:33
PK Forward
1 - 50% - 50% - 1:03
2 - 50% - 50% - 1:04
PK Defense
1 - 49% - 50% - 1:02
2 - 51% - 50% - 1:05
PK3 Forward
1 - 0% - 50%
2 - 0% - 50%
PK3 Defense
1 - 0% - 50%
2 - 0% - 50%
44 Forward
1 - 76% - 60% - 1:24
2 - 24% - 40% - 0:27
44 Defense
1 - 61% - 60% - 1:08
2 - 39% - 40% - 0:43
Last Minute Offensive - 0:00
Last Minute Defensive - 0:00
Total
Forward - 60:00
Defense - 60:00
|
Play-by-Play
1st period
0:01 of 1st period - Patrice Bergeron wins face-off versus Auston Matthews in neutral zone.
0:33 of 1st period - Snap shot by Mika Zibanejad.
0:33 of 1st period - Stopped by Igor Shesterkin with a rebound.
0:49 of 1st period - Michael Del Zotto is hit by Tyler Motte and loses puck.
1:02 of 1st period - Slapshot by Mark Giordano.
1:02 of 1st period - Shot Misses the Net.
1:23 of 1st period - Slapshot by Sean Couturier.
1:23 of 1st period - Stopped by Igor Shesterkin with a rebound.
3:07 of 1st period - Snap shot by Mika Zibanejad.
3:07 of 1st period - Shot Misses the Net.
3:21 of 1st period - Minor Penalty to MacKenzie Weegar for Boarding.
3:22 of 1st period - Sean Couturier wins face-off versus Patrice Bergeron in Detroit Red Wings zone.
3:41 of 1st period - Cam Fowler is hit by Michael Del Zotto and loses puck.
5:21 of 1st period - Penalty to MacKenzie Weegar is over, MacKenzie Weegar is back on ice.
5:35 of 1st period - Snap shot by Jason Zucker.
5:35 of 1st period - Stopped by Igor Shesterkin without a rebound.
5:36 of 1st period - Jason Spezza wins face-off versus Eric Robinson in New York Rangers zone.
7:17 of 1st period - Snap shot by Arthur Kaliyev.
7:17 of 1st period - Shot Blocked by Jake McCabe.
7:26 of 1st period - Icing by MacKenzie Weegar.
7:27 of 1st period - Patrice Bergeron wins face-off versus Mika Zibanejad in Detroit Red Wings zone.
7:32 of 1st period - Slapshot by Patrice Bergeron.
7:32 of 1st period - Deflect By Nathan MacKinnon.
7:32 of 1st period - Goal by Nathan MacKinnon - New York Rangers : 1 - Detroit Red Wings : 0.
7:33 of 1st period - Auston Matthews wins face-off versus Patrice Bergeron in neutral zone.
7:36 of 1st period - Cam Fowler is hit by Auston Matthews and loses puck.
7:47 of 1st period - Backhand shot by Patrice Bergeron.
7:47 of 1st period - Stopped by Sergei Bobrovsky with a rebound.
7:49 of 1st period - Slapshot by Cam Fowler.
7:49 of 1st period - Shot Blocked by Kris Letang.
9:51 of 1st period - Backhand shot by Blake Wheeler.
9:51 of 1st period - Shot Misses the Net.
9:59 of 1st period - Cam Fowler is hit by MacKenzie Weegar.
10:07 of 1st period - Snap shot by Blake Wheeler.
10:07 of 1st period - Shot Misses the Net.
10:09 of 1st period - Slapshot by Cam Fowler.
10:09 of 1st period - Stopped by Sergei Bobrovsky without a rebound.
10:10 of 1st period - Auston Matthews wins face-off versus Patrice Bergeron in Detroit Red Wings zone.
10:15 of 1st period - Dmitry Kulikov is hit by Kris Letang and loses puck.
10:20 of 1st period - Slapshot by Auston Matthews.
10:20 of 1st period - Stopped by Igor Shesterkin with a rebound.
10:50 of 1st period - Slapshot by Jared McCann.
10:50 of 1st period - Stopped by Igor Shesterkin without a rebound.
10:51 of 1st period - Patrice Bergeron wins face-off versus Auston Matthews in New York Rangers zone.
11:23 of 1st period - Wrist shot by Mika Zibanejad.
11:23 of 1st period - Stopped by Igor Shesterkin without a rebound.
11:24 of 1st period - Mika Zibanejad wins face-off versus Mikael Granlund in New York Rangers zone.
11:47 of 1st period - Mikael Granlund is hit by Jared McCann and loses puck.
11:54 of 1st period - Slapshot by Cam Fowler.
11:54 of 1st period - Shot Misses the Net.
11:56 of 1st period - Slapshot by Cam Fowler.
11:56 of 1st period - Deflect By Mikael Granlund.
11:56 of 1st period - Stopped by Sergei Bobrovsky without a rebound.
11:57 of 1st period - Patrice Bergeron wins face-off versus Auston Matthews in Detroit Red Wings zone.
11:58 of 1st period - Wrist shot by Nathan MacKinnon.
11:58 of 1st period - Shot Misses the Net.
12:03 of 1st period - Off-side.
12:04 of 1st period - Patrice Bergeron wins face-off versus Jonathan Huberdeau in neutral zone.
13:41 of 1st period - Wrist shot by Tyler Ennis.
13:41 of 1st period - Stopped by Igor Shesterkin without a rebound.
13:42 of 1st period - Jared McCann wins face-off versus Mikael Granlund in New York Rangers zone.
13:49 of 1st period - Snap shot by Mika Zibanejad.
13:49 of 1st period - Shot Blocked by Blake Wheeler.
13:51 of 1st period - Slapshot by Shayne Gostisbehere.
13:51 of 1st period - Shot Misses the Net.
13:53 of 1st period - Slapshot by MacKenzie Weegar.
13:53 of 1st period - Deflect By Jared McCann.
13:53 of 1st period - Deflect By Mikael Granlund.
13:53 of 1st period - Stopped by Igor Shesterkin without a rebound.
13:54 of 1st period - Auston Matthews wins face-off versus Patrice Bergeron in New York Rangers zone.
14:11 of 1st period - Auston Matthews is hit by Nathan MacKinnon and loses puck.
14:52 of 1st period - Wrist shot by Conor Garland.
14:52 of 1st period - Stopped by Sergei Bobrovsky with a rebound.
14:54 of 1st period - Snap shot by T.J. Oshie.
14:54 of 1st period - Stopped by Sergei Bobrovsky without a rebound.
14:55 of 1st period - Auston Matthews wins face-off versus Patrice Bergeron in Detroit Red Wings zone.
15:10 of 1st period - Wrist shot by Jonathan Huberdeau.
15:10 of 1st period - Stopped by Igor Shesterkin without a rebound.
15:11 of 1st period - Patrice Bergeron wins face-off versus Sean Couturier in New York Rangers zone.
15:17 of 1st period - Off-side.
15:18 of 1st period - Patrice Bergeron wins face-off versus Sean Couturier in neutral zone.
15:45 of 1st period - Wrist shot by Auston Matthews.
15:45 of 1st period - Shot Misses the Net.
15:47 of 1st period - Wrist shot by Auston Matthews.
15:47 of 1st period - Shot Misses the Net.
16:05 of 1st period - Snap shot by Conor Garland.
16:05 of 1st period - Shot Blocked by Michael Del Zotto.
17:48 of 1st period - Mark Giordano is hit by MacKenzie Weegar and loses puck.
18:30 of 1st period - Snap shot by Mika Zibanejad.
18:30 of 1st period - Stopped by Igor Shesterkin without a rebound.
18:31 of 1st period - Patrice Bergeron wins face-off versus Mika Zibanejad in New York Rangers zone.
18:40 of 1st period - Slapshot by Nathan MacKinnon.
18:40 of 1st period - Stopped by Sergei Bobrovsky without a rebound.
18:41 of 1st period - Auston Matthews wins face-off versus Patrice Bergeron in Detroit Red Wings zone.
18:41 of 1st period - Auston Matthews is hit by Matt Benning.
19:16 of 1st period - Wrist shot by Mikael Granlund.
19:16 of 1st period - Shot Misses the Net.
19:20 of 1st period - Snap shot by Blake Wheeler.
19:20 of 1st period - Shot Blocked by Shayne Gostisbehere.
19:22 of 1st period - Snap shot by Blake Wheeler.
19:22 of 1st period - Stopped by Sergei Bobrovsky with a rebound.
19:52 of 1st period - Michael Del Zotto is hit by Jake McCabe and loses puck.
19:57 of 1st period - Wrist shot by Eric Robinson.
19:57 of 1st period - Stopped by Sergei Bobrovsky without a rebound.
19:58 of 1st period - Patrice Bergeron wins face-off versus Auston Matthews in Detroit Red Wings zone.
19:59 of 1st period - Slapshot by Nathan MacKinnon.
19:59 of 1st period - Shot Blocked by Kris Letang.
Goals for this period are 1 for New York Rangers vs 0 for Detroit Red Wings.
Shots for this period are 9 for New York Rangers vs 10 for Detroit Red Wings.
2nd period
0:01 of 2nd period - Patrice Bergeron wins face-off versus Auston Matthews in neutral zone.
0:12 of 2nd period - Wrist shot by Jonathan Huberdeau.
0:12 of 2nd period - Stopped by Igor Shesterkin without a rebound.
0:13 of 2nd period - Auston Matthews wins face-off versus Pierre-Luc Dubois in New York Rangers zone.
0:18 of 2nd period - Snap shot by Auston Matthews.
0:18 of 2nd period - Shot Blocked by Cam Fowler.
0:29 of 2nd period - Jake McCabe is hit by Jonathan Huberdeau and loses puck.
0:44 of 2nd period - Snap shot by Brock Nelson.
0:44 of 2nd period - Stopped by Igor Shesterkin without a rebound.
0:45 of 2nd period - Mikael Granlund wins face-off versus Mika Zibanejad in New York Rangers zone.
1:21 of 2nd period - Snap shot by Mika Zibanejad.
1:21 of 2nd period - Stopped by Igor Shesterkin without a rebound.
1:22 of 2nd period - Patrice Bergeron wins face-off versus Auston Matthews in New York Rangers zone.
1:33 of 2nd period - Backhand shot by Auston Matthews.
1:33 of 2nd period - Stopped by Igor Shesterkin with a rebound.
1:47 of 2nd period - Jake McCabe is hit by Jason Zucker.
1:55 of 2nd period - Adam Erne is hit by Jake McCabe and loses puck.
2:04 of 2nd period - Patrice Bergeron is hit by MacKenzie Weegar and loses puck.
2:24 of 2nd period - Snap shot by T.J. Oshie.
2:24 of 2nd period - Goal by T.J. Oshie - New York Rangers : 2 - Detroit Red Wings : 0.
2:25 of 2nd period - Auston Matthews wins face-off versus Blake Wheeler in neutral zone.
3:14 of 2nd period - Wrist shot by Patrice Bergeron.
3:14 of 2nd period - Stopped by Sergei Bobrovsky with a rebound.
3:20 of 2nd period - Wrist shot by Pierre-Luc Dubois.
3:20 of 2nd period - Shot Blocked by Mika Zibanejad.
3:32 of 2nd period - Slapshot by Shayne Gostisbehere.
3:32 of 2nd period - Stopped by Igor Shesterkin with a rebound.
3:34 of 2nd period - Slapshot by Shayne Gostisbehere.
3:34 of 2nd period - Shot Blocked by Jake McCabe.
3:36 of 2nd period - Snap shot by Adam Erne.
3:36 of 2nd period - Shot Misses the Net.
3:38 of 2nd period - Wrist shot by Shayne Gostisbehere.
3:38 of 2nd period - Deflect By Cam Fowler.
3:38 of 2nd period - Stopped by Igor Shesterkin without a rebound.
3:39 of 2nd period - Auston Matthews wins face-off versus Mikael Granlund in New York Rangers zone.
4:12 of 2nd period - Snap shot by Patrice Bergeron.
4:12 of 2nd period - Stopped by Sergei Bobrovsky with a rebound.
4:46 of 2nd period - Backhand shot by Mika Zibanejad.
4:46 of 2nd period - Stopped by Igor Shesterkin without a rebound.
4:47 of 2nd period - Jason Spezza wins face-off versus David Kampf in New York Rangers zone.
4:52 of 2nd period - Snap shot by Jason Zucker.
4:52 of 2nd period - Goal by Jason Zucker - New York Rangers : 2 - Detroit Red Wings : 1.
4:53 of 2nd period - Patrice Bergeron wins face-off versus Auston Matthews in neutral zone.
6:10 of 2nd period - Tyler Motte is hit by Sean Couturier and loses puck.
6:17 of 2nd period - Slapshot by Sean Couturier.
6:17 of 2nd period - Shot Blocked by Adam Larsson.
6:41 of 2nd period - Keith Yandle is hit by Pierre-Luc Dubois and loses puck.
6:54 of 2nd period - Slapshot by Cole Caufield.
6:54 of 2nd period - Deflect By Jonathan Huberdeau.
6:54 of 2nd period - Shot Misses the Net.
6:54 of 2nd period - Puck is out of play.
6:55 of 2nd period - T.J. Oshie wins face-off versus Mika Zibanejad in Detroit Red Wings zone.
7:00 of 2nd period - Slapshot by T.J. Oshie.
7:00 of 2nd period - Deflect By Cole Caufield.
7:00 of 2nd period - Stopped by Sergei Bobrovsky with a rebound.
7:05 of 2nd period - Off-side.
7:06 of 2nd period - Brock Nelson wins face-off versus Nathan MacKinnon in neutral zone.
7:55 of 2nd period - Off-side.
7:56 of 2nd period - Sean Couturier wins face-off versus T.J. Oshie in neutral zone.
8:18 of 2nd period - Snap shot by Cole Caufield.
8:18 of 2nd period - Stopped by Sergei Bobrovsky without a rebound.
8:19 of 2nd period - Patrice Bergeron wins face-off versus Daniel Sprong in Detroit Red Wings zone.
8:24 of 2nd period - Snap shot by Patrice Bergeron.
8:24 of 2nd period - Shot Blocked by Daniel Sprong.
8:26 of 2nd period - Backhand shot by Adam Larsson.
8:26 of 2nd period - Shot Misses the Net.
8:28 of 2nd period - Wrist shot by Adam Larsson.
8:28 of 2nd period - Shot Misses the Net.
8:30 of 2nd period - Slapshot by Adam Larsson.
8:30 of 2nd period - Shot Blocked by Auston Matthews.
8:32 of 2nd period - Backhand shot by Patrice Bergeron.
8:32 of 2nd period - Goal by Patrice Bergeron - New York Rangers : 3 - Detroit Red Wings : 1.
8:33 of 2nd period - Patrice Bergeron wins face-off versus Auston Matthews in neutral zone.
8:42 of 2nd period - Wrist shot by Nathan MacKinnon.
8:42 of 2nd period - Shot Misses the Net.
8:44 of 2nd period - Slapshot by Cam Fowler.
8:44 of 2nd period - Shot Blocked by MacKenzie Weegar.
8:46 of 2nd period - Slapshot by Cam Fowler.
8:46 of 2nd period - Stopped by Sergei Bobrovsky with a rebound.
8:48 of 2nd period - Snap shot by Nathan MacKinnon.
8:48 of 2nd period - Shot Blocked by Jonathan Huberdeau.
8:50 of 2nd period - Slapshot by Jake McCabe.
8:50 of 2nd period - Stopped by Sergei Bobrovsky with a rebound.
9:00 of 2nd period - Blake Wheeler is hit by Shayne Gostisbehere and loses puck.
9:07 of 2nd period - Wrist shot by Mika Zibanejad.
9:07 of 2nd period - Shot Misses the Net.
9:09 of 2nd period - Slapshot by MacKenzie Weegar.
9:09 of 2nd period - Stopped by Igor Shesterkin without a rebound.
9:10 of 2nd period - Patrice Bergeron wins face-off versus Sean Couturier in New York Rangers zone.
9:12 of 2nd period - Minor Penalty to Pierre-Luc Dubois for Holding.
9:13 of 2nd period - Auston Matthews wins face-off versus David Kampf in New York Rangers zone.
9:16 of 2nd period - Snap shot by Auston Matthews.
9:16 of 2nd period - Stopped by Igor Shesterkin without a rebound.
9:17 of 2nd period - Brock Nelson wins face-off versus David Kampf in New York Rangers zone.
9:32 of 2nd period - Slapshot by Jonathan Huberdeau.
9:32 of 2nd period - Stopped by Igor Shesterkin without a rebound.
9:33 of 2nd period - Mika Zibanejad wins face-off versus David Kampf in New York Rangers zone.
10:06 of 2nd period - Wrist shot by Brock Nelson.
10:06 of 2nd period - Shot Misses the Net.
11:12 of 2nd period - Penalty to Pierre-Luc Dubois is over, Pierre-Luc Dubois is back on ice.
11:23 of 2nd period - Backhand shot by Kris Letang.
11:23 of 2nd period - Shot Blocked by Pierre-Luc Dubois.
11:25 of 2nd period - Slapshot by Michael Del Zotto.
11:25 of 2nd period - Stopped by Igor Shesterkin without a rebound.
11:26 of 2nd period - T.J. Oshie wins face-off versus Jason Spezza in New York Rangers zone.
11:26 of 2nd period - T.J. Oshie is hit by Jason Spezza.
11:36 of 2nd period - Snap shot by T.J. Oshie.
11:36 of 2nd period - Stopped by Sergei Bobrovsky with a rebound.
12:01 of 2nd period - Wrist shot by Jason Zucker.
12:01 of 2nd period - Deflect By Jason Spezza.
12:01 of 2nd period - Stopped by Igor Shesterkin with a rebound.
12:15 of 2nd period - Slapshot by Shayne Gostisbehere.
12:15 of 2nd period - Shot Blocked by Dmitry Kulikov.
12:21 of 2nd period - Kris Letang is hit by Eric Robinson and loses puck.
12:38 of 2nd period - Icing by Jonathan Huberdeau.
12:39 of 2nd period - T.J. Oshie wins face-off versus Auston Matthews in Detroit Red Wings zone.
13:18 of 2nd period - Wrist shot by Auston Matthews.
13:18 of 2nd period - Deflect By Jonathan Huberdeau.
13:18 of 2nd period - Stopped by Igor Shesterkin with a rebound.
13:20 of 2nd period - Backhand shot by Daniel Sprong.
13:20 of 2nd period - Deflect By Auston Matthews.
13:20 of 2nd period - Stopped by Igor Shesterkin with a rebound.
13:22 of 2nd period - Slapshot by MacKenzie Weegar.
13:22 of 2nd period - Shot Misses the Net.
13:24 of 2nd period - Snap shot by Daniel Sprong.
13:24 of 2nd period - Shot Misses the Net.
13:26 of 2nd period - Wrist shot by Daniel Sprong.
13:26 of 2nd period - Stopped by Igor Shesterkin with a rebound.
13:28 of 2nd period - Wrist shot by Daniel Sprong.
13:28 of 2nd period - Stopped by Igor Shesterkin with a rebound.
13:30 of 2nd period - Wrist shot by Daniel Sprong.
13:30 of 2nd period - Shot Misses the Net.
13:32 of 2nd period - Snap shot by Shayne Gostisbehere.
13:32 of 2nd period - Shot Misses the Net.
13:56 of 2nd period - Wrist shot by Cole Caufield.
13:56 of 2nd period - Shot Misses the Net.
14:02 of 2nd period - Daniel Sprong is hit by Jake McCabe and loses puck.
14:15 of 2nd period - Wrist shot by Auston Matthews.
14:15 of 2nd period - Shot Misses the Net.
14:36 of 2nd period - Icing by T.J. Oshie.
14:37 of 2nd period - T.J. Oshie wins face-off versus Mika Zibanejad in New York Rangers zone.
14:48 of 2nd period - Wrist shot by Conor Garland.
14:48 of 2nd period - Shot Blocked by Michael Del Zotto.
14:53 of 2nd period - Kris Letang is hit by Cam Fowler and loses puck.
15:08 of 2nd period - Wrist shot by Nathan MacKinnon.
15:08 of 2nd period - Deflect By Pierre-Luc Dubois.
15:08 of 2nd period - Stopped by Sergei Bobrovsky without a rebound.
15:09 of 2nd period - Patrice Bergeron wins face-off versus Sean Couturier in Detroit Red Wings zone.
15:12 of 2nd period - Backhand shot by Nathan MacKinnon.
15:12 of 2nd period - Shot Misses the Net.
15:14 of 2nd period - Slapshot by Nathan MacKinnon.
15:14 of 2nd period - Goal by Nathan MacKinnon - New York Rangers : 4 - Detroit Red Wings : 1.
15:15 of 2nd period - Mika Zibanejad wins face-off versus Patrice Bergeron in neutral zone.
15:26 of 2nd period - Slapshot by Nathan MacKinnon.
15:26 of 2nd period - Goal by Nathan MacKinnon - New York Rangers : 5 - Detroit Red Wings : 1.
15:26 of 2nd period - Semyon Varlamov enters game.
15:27 of 2nd period - Mika Zibanejad wins face-off versus Patrice Bergeron in neutral zone.
15:41 of 2nd period - Snap shot by Patrice Bergeron.
15:41 of 2nd period - Shot Misses the Net.
15:43 of 2nd period - Slapshot by Adam Larsson.
15:43 of 2nd period - Deflect By Nathan MacKinnon.
15:43 of 2nd period - Stopped by Semyon Varlamov with a rebound.
16:13 of 2nd period - Slapshot by Michael Del Zotto.
16:13 of 2nd period - Stopped by Igor Shesterkin with a rebound.
16:19 of 2nd period - Kris Letang is hit by David Kampf and loses puck.
16:34 of 2nd period - Wrist shot by Jonathan Huberdeau.
16:34 of 2nd period - Shot Blocked by Jake McCabe.
18:16 of 2nd period - Snap shot by Arthur Kaliyev.
18:16 of 2nd period - Stopped by Igor Shesterkin without a rebound.
18:17 of 2nd period - Patrice Bergeron wins face-off versus Auston Matthews in New York Rangers zone.
18:27 of 2nd period - Wrist shot by Auston Matthews.
18:27 of 2nd period - Stopped by Igor Shesterkin with a rebound.
18:29 of 2nd period - Wrist shot by Daniel Sprong.
18:29 of 2nd period - Stopped by Igor Shesterkin without a rebound.
18:30 of 2nd period - Patrice Bergeron wins face-off versus Auston Matthews in New York Rangers zone.
18:39 of 2nd period - Wrist shot by Jonathan Huberdeau.
18:39 of 2nd period - Shot Misses the Net.
18:41 of 2nd period - Wrist shot by Jonathan Huberdeau.
18:41 of 2nd period - Shot Blocked by Patrice Bergeron.
18:43 of 2nd period - Wrist shot by Jonathan Huberdeau.
18:43 of 2nd period - Stopped by Igor Shesterkin with a rebound.
18:45 of 2nd period - Snap shot by Daniel Sprong.
18:45 of 2nd period - Stopped by Igor Shesterkin without a rebound.
18:46 of 2nd period - Mika Zibanejad wins face-off versus Mikael Granlund in New York Rangers zone.
18:50 of 2nd period - Adam Larsson beats up Jamie Drysdale.
18:50 of 2nd period - Penalty to Jamie Drysdale for Fighting.
18:50 of 2nd period - Penalty to Adam Larsson for Fighting.
18:50 of 2nd period - Penalty to Jamie Drysdale for instigated a fight.
18:50 of 2nd period - Penalty to Jamie Drysdale for instigated a fight.
18:51 of 2nd period - Sean Couturier wins face-off versus Patrice Bergeron in New York Rangers zone.
18:58 of 2nd period - Minor Penalty to Pierre-Luc Dubois for Hooking.
18:59 of 2nd period - Nathan MacKinnon wins face-off versus Auston Matthews in New York Rangers zone.
19:51 of 2nd period - Mika Zibanejad is hit by Mikael Granlund and loses puck.
Goals for this period are 4 for New York Rangers vs 1 for Detroit Red Wings.
Shots for this period are 13 for New York Rangers vs 23 for Detroit Red Wings.
3rd period
0:01 of 3rd period - Jonathan Huberdeau wins face-off versus Nathan MacKinnon in neutral zone.
0:50 of 3rd period - Penalty to Jamie Drysdale is over, Daniel Sprong is send on ice.
0:58 of 3rd period - Penalty to Pierre-Luc Dubois is over, Pierre-Luc Dubois is back on ice.
1:05 of 3rd period - Wrist shot by Sean Couturier.
1:05 of 3rd period - Stopped by Igor Shesterkin without a rebound.
1:06 of 3rd period - Mikael Granlund wins face-off versus Jason Spezza in New York Rangers zone.
1:06 of 3rd period - Mikael Granlund is hit by Michael Del Zotto.
1:20 of 3rd period - Slapshot by Shayne Gostisbehere.
1:20 of 3rd period - Stopped by Igor Shesterkin with a rebound.
1:22 of 3rd period - Slapshot by Keith Yandle.
1:22 of 3rd period - Shot Blocked by Matt Benning.
1:43 of 3rd period - Snap shot by Eric Robinson.
1:43 of 3rd period - Shot Blocked by Keith Yandle.
2:13 of 3rd period - Jonathan Huberdeau is hit by Patrice Bergeron and loses puck.
2:41 of 3rd period - Snap shot by Blake Wheeler.
2:41 of 3rd period - Shot Misses the Net.
2:43 of 3rd period - Snap shot by Mikael Granlund.
2:43 of 3rd period - Shot Hit the Post.
2:53 of 3rd period - Wrist shot by Tyler Motte.
2:53 of 3rd period - Shot Misses the Net.
2:59 of 3rd period - Slapshot by Mark Giordano.
2:59 of 3rd period - Deflect By Tyler Motte.
2:59 of 3rd period - Shot Misses the Net.
2:59 of 3rd period - Puck is out of play.
3:00 of 3rd period - Auston Matthews wins face-off versus Patrice Bergeron in Detroit Red Wings zone.
3:29 of 3rd period - Slapshot by Cole Caufield.
3:29 of 3rd period - Stopped by Semyon Varlamov without a rebound.
3:30 of 3rd period - Mika Zibanejad wins face-off versus Cole Caufield in Detroit Red Wings zone.
4:31 of 3rd period - Slapshot by Jason Zucker.
4:31 of 3rd period - Stopped by Igor Shesterkin with a rebound.
4:37 of 3rd period - Pierre-Luc Dubois is hit by Adam Erne and loses puck.
4:58 of 3rd period - Icing by Blake Wheeler.
4:59 of 3rd period - Mikael Granlund wins face-off versus Mika Zibanejad in New York Rangers zone.
5:06 of 3rd period - Brock Nelson is hit by Mikael Granlund.
5:18 of 3rd period - Slapshot by Blake Wheeler.
5:18 of 3rd period - Shot Misses the Net.
5:51 of 3rd period - Slapshot by Mika Zibanejad.
5:51 of 3rd period - Stopped by Igor Shesterkin with a rebound.
5:53 of 3rd period - Snap shot by Brock Nelson.
5:53 of 3rd period - Stopped by Igor Shesterkin with a rebound.
5:59 of 3rd period - Snap shot by Jared McCann.
5:59 of 3rd period - Shot Blocked by Matt Benning.
6:01 of 3rd period - Slapshot by Brock Nelson.
6:01 of 3rd period - Shot Misses the Net.
6:17 of 3rd period - Snap shot by Jared McCann.
6:17 of 3rd period - Shot Blocked by Blake Wheeler.
6:19 of 3rd period - Snap shot by Brock Nelson.
6:19 of 3rd period - Shot Misses the Net.
6:43 of 3rd period - Snap shot by Jared McCann.
6:43 of 3rd period - Shot Blocked by Blake Wheeler.
6:49 of 3rd period - Snap shot by Jared McCann.
6:49 of 3rd period - Deflect By Brock Nelson.
6:49 of 3rd period - Shot Misses the Net.
6:49 of 3rd period - Puck is out of play.
6:50 of 3rd period - Auston Matthews wins face-off versus Patrice Bergeron in New York Rangers zone.
6:51 of 3rd period - Wrist shot by Jonathan Huberdeau.
6:51 of 3rd period - Stopped by Igor Shesterkin without a rebound.
6:52 of 3rd period - Auston Matthews wins face-off versus Patrice Bergeron in New York Rangers zone.
6:55 of 3rd period - Snap shot by Auston Matthews.
6:55 of 3rd period - Shot Misses the Net.
6:57 of 3rd period - Slapshot by Kris Letang.
6:57 of 3rd period - Shot Misses the Net.
6:59 of 3rd period - Slapshot by Michael Del Zotto.
6:59 of 3rd period - Stopped by Igor Shesterkin with a rebound.
7:38 of 3rd period - Off-side.
7:39 of 3rd period - David Kampf wins face-off versus Jason Spezza in neutral zone.
7:42 of 3rd period - Slapshot by Jake McCabe.
7:42 of 3rd period - Deflect By David Kampf.
7:42 of 3rd period - Shot Misses the Net.
7:42 of 3rd period - Puck is out of play.
7:43 of 3rd period - Patrice Bergeron wins face-off versus Jason Spezza in Detroit Red Wings zone.
7:44 of 3rd period - Wrist shot by Nathan MacKinnon.
7:44 of 3rd period - Stopped by Semyon Varlamov without a rebound.
7:45 of 3rd period - Auston Matthews wins face-off versus Patrice Bergeron in Detroit Red Wings zone.
7:45 of 3rd period - Auston Matthews is hit by Jake McCabe.
7:52 of 3rd period - Minor Penalty to Patrice Bergeron for Roughing.
7:53 of 3rd period - David Kampf wins face-off versus Mika Zibanejad in New York Rangers zone.
8:02 of 3rd period - David Kampf is hit by Shayne Gostisbehere and loses puck.
8:23 of 3rd period - Slapshot by Shayne Gostisbehere.
8:23 of 3rd period - Stopped by Igor Shesterkin without a rebound.
8:24 of 3rd period - David Kampf wins face-off versus Auston Matthews in New York Rangers zone.
9:46 of 3rd period - Snap shot by Sean Couturier.
9:46 of 3rd period - Shot Misses the Net.
9:52 of 3rd period - Penalty to Patrice Bergeron is over, Patrice Bergeron is back on ice.
10:06 of 3rd period - Snap shot by Cole Caufield.
10:06 of 3rd period - Stopped by Semyon Varlamov with a rebound.
10:08 of 3rd period - Slapshot by Adam Larsson.
10:08 of 3rd period - Shot Blocked by Adam Erne.
10:10 of 3rd period - Slapshot by Matt Benning.
10:10 of 3rd period - Shot Blocked by Jason Spezza.
10:28 of 3rd period - Backhand shot by Arthur Kaliyev.
10:28 of 3rd period - Shot Hit the Post.
10:37 of 3rd period - Icing by Shayne Gostisbehere.
10:38 of 3rd period - Sean Couturier wins face-off versus Mikael Granlund in Detroit Red Wings zone.
11:17 of 3rd period - Brock Nelson is hit by Tyler Motte and loses puck.
11:35 of 3rd period - Matt Benning is hit by Keith Yandle.
11:44 of 3rd period - Slapshot by Cam Fowler.
11:44 of 3rd period - Shot Blocked by Kris Letang.
11:50 of 3rd period - Cam Fowler is hit by Jason Spezza and loses puck.
12:25 of 3rd period - Icing by Arthur Kaliyev.
12:26 of 3rd period - Sean Couturier wins face-off versus Patrice Bergeron in Detroit Red Wings zone.
13:00 of 3rd period - Slapshot by Jared McCann.
13:00 of 3rd period - Shot Misses the Net.
13:02 of 3rd period - Wrist shot by Mika Zibanejad.
13:02 of 3rd period - Shot Misses the Net.
13:04 of 3rd period - Wrist shot by Jared McCann.
13:04 of 3rd period - Shot Misses the Net.
13:15 of 3rd period - Icing by Conor Garland.
13:16 of 3rd period - Sean Couturier wins face-off versus T.J. Oshie in New York Rangers zone.
13:27 of 3rd period - Wrist shot by Cole Caufield.
13:27 of 3rd period - Deflect By Sean Couturier.
13:27 of 3rd period - Stopped by Semyon Varlamov with a rebound.
13:31 of 3rd period - Wrist shot by Cole Caufield.
13:31 of 3rd period - Shot Misses the Net.
13:50 of 3rd period - 10 Minutes Misconduct Penalty to Jamie Drysdale is over.
14:09 of 3rd period - Tyler Motte is hit by Jared McCann and loses puck.
14:16 of 3rd period - MacKenzie Weegar is hit by David Kampf and loses puck.
14:59 of 3rd period - Minor Penalty to Pierre-Luc Dubois for Hooking.
15:00 of 3rd period - Mika Zibanejad wins face-off versus David Kampf in New York Rangers zone.
15:30 of 3rd period - Snap shot by Jonathan Huberdeau.
15:30 of 3rd period - Shot Blocked by Cam Fowler.
15:32 of 3rd period - Slapshot by Keith Yandle.
15:32 of 3rd period - Stopped by Igor Shesterkin with a rebound.
15:34 of 3rd period - Slapshot by Brock Nelson.
15:34 of 3rd period - Goal by Brock Nelson - New York Rangers : 5 - Detroit Red Wings : 2.
15:35 of 3rd period - Auston Matthews wins face-off versus Patrice Bergeron in neutral zone.
16:08 of 3rd period - Slapshot by Mika Zibanejad.
16:08 of 3rd period - Shot Misses the Net.
16:10 of 3rd period - Snap shot by Mika Zibanejad.
16:10 of 3rd period - Stopped by Igor Shesterkin with a rebound.
16:45 of 3rd period - Off-side.
16:46 of 3rd period - David Kampf wins face-off versus Auston Matthews in neutral zone.
17:23 of 3rd period - Snap shot by Tyler Motte.
17:23 of 3rd period - Shot Misses the Net.
17:59 of 3rd period - Slapshot by Mark Giordano.
17:59 of 3rd period - Deflect By Shayne Gostisbehere.
17:59 of 3rd period - Stopped by Semyon Varlamov with a rebound.
18:41 of 3rd period - Backhand shot by Adam Larsson.
18:41 of 3rd period - Stopped by Semyon Varlamov with a rebound.
18:43 of 3rd period - Wrist shot by T.J. Oshie.
18:43 of 3rd period - Shot Misses the Net.
18:45 of 3rd period - Wrist shot by Mark Giordano.
18:45 of 3rd period - Shot Misses the Net.
18:47 of 3rd period - Slapshot by Adam Larsson.
18:47 of 3rd period - Stopped by Semyon Varlamov with a rebound.
18:49 of 3rd period - Slapshot by Adam Larsson.
18:49 of 3rd period - Stopped by Semyon Varlamov with a rebound.
18:51 of 3rd period - Slapshot by Mark Giordano.
18:51 of 3rd period - Shot Misses the Net.
19:00 of 3rd period - Off-side.
19:01 of 3rd period - Patrice Bergeron wins face-off versus Auston Matthews in neutral zone.
19:23 of 3rd period - Double Minor Penalty to Nathan MacKinnon for Roughing.
19:24 of 3rd period - David Kampf wins face-off versus Mika Zibanejad in New York Rangers zone.
19:34 of 3rd period - Off-side.
19:35 of 3rd period - David Kampf wins face-off versus Mika Zibanejad in neutral zone.
19:50 of 3rd period - Slapshot by Mika Zibanejad.
19:50 of 3rd period - Shot Blocked by David Kampf.
19:52 of 3rd period - Wrist shot by Sean Couturier.
19:52 of 3rd period - Shot Blocked by Cam Fowler.
Goals for this period are 0 for New York Rangers vs 1 for Detroit Red Wings.
Shots for this period are 8 for New York Rangers vs 11 for Detroit Red Wings.
Back to the Top